 Dungeon Crawl Stone Soup version 0.21.1-1-g345015f (webtiles) character file.

2533 nicolaieve the Cleaver (level 9, -2/73 HPs)
             Began as a Minotaur Berserker on June 13, 2018.
             Was a High Priest of Trog.
             Slain by Joseph
             ... wielding a +0 quarterstaff
              (6 damage)
             ... on level 8 of the Dungeon.
             The game lasted 00:29:06 (5477 turns).

nicolaieve the Cleaver (Minotaur Berserker)         Turns: 5477, Time: 00:29:07

Health: -2/73      AC: 15    Str: 22    XL:     9   Next: 30%
Magic:  8/8        EV:  7    Int:  4    God:    Trog [*****.]
Gold:   459        SH:  0    Dex: 13    Spells: 8/8 levels left

rFire    . . .     SeeInvis +   a - +0 hand axe
rCold    . . .     Gourm    .   (no shield)
rNeg     . . .     Faith    .   l - +0 plate armour
rPois    +         Spirit   .   (helmet restricted)
rElec    .         Reflect  .   t - +0 cloak
rCorr    .         Harm     .   (no gloves)
MR       .....                  (no boots)
Stlth    ..........             n - amulet of rage
HPRegen  0.22/turn              D - ring of see invisible
MPRegen  0.11/turn              h - ring of poison resistance

@: berserk cooldown, slowed, very slow
A: retaliatory headbutt, horns 2
a: Berserk, Trog's Hand, Brothers in Arms, Burn Spellbooks, Renounce Religion,
Evoke Berserk Rage


You were on level 8 of the Dungeon.
You worshipped Trog.
Trog was extremely pleased with you.
You were not hungry.

You visited 1 branch of the dungeon, and saw 8 of its levels.
You also visited: Sewer.

You collected 459 gold pieces.

Inventory:

Hand Weapons
 a - a +0 hand axe (weapon)
Armour
 l - a +0 plate armour (worn)
 t - a +0 cloak (worn)
 B - the +5 ring mail "Hiweinu" {Str-2 Dex+6}
   (You found it on level 7 of the Dungeon)

   It affects your strength (-2).
   It affects your dexterity (+6).
 C - a +1 ring mail of poison resistance
Jewellery
 b - an uncursed ring of stealth
 d - an uncursed ring of positive energy
 h - a ring of poison resistance (right hand)
 n - an amulet of rage (around neck)
 w - the ring of Siumaxis {Wiz Dex+7}
   (You found it on level 6 of the Dungeon)

   [ring of wizardry]

   It improves your spell success rate.
   It affects your dexterity (+7).
 x - an uncursed ring of fire
 D - a ring of see invisible (left hand)
Scrolls
 e - 2 scrolls of identify
 f - 2 scrolls of fog {unknown}
 g - 5 scrolls of remove curse
 i - 4 scrolls of amnesia {unknown}
 j - a scroll of noise {unknown}
 k - 3 scrolls of immolation {unknown}
 m - 2 scrolls of enchant armour {unknown}
 r - a scroll of blinking {unknown}
 s - a scroll of random uselessness {unknown}
 y - 2 scrolls of teleportation {unknown}
Potions
 o - a potion of invisibility
 p - 2 potions of curing
 u - a potion of lignification
 v - a potion of might
 A - a potion of brilliance
Books
 q - a book of Summonings

   Spells                             Type                      Level
   a - Recall                         Summoning/Translocation      3
   b - Aura of Abjuration             Summoning                    5
   c - Summon Demon                   Summoning                    5
   d - Summon Forest                  Summoning/Translocation      5
   e - Summon Mana Viper              Hexes/Summoning              5
   f - Shadow Creatures               Summoning                    6
   Trog disapproves of the use of such an item.
Comestibles
 c - 11 rations
 z - 3 chunks of flesh


   Skills:
 + Level 4.9 Fighting
 + Level 12.6 Axes
 * Level 8.1 Armour
 + Level 2.2 Dodging


You had 8 spell levels left.
You didn't know any spells.

Dungeon Overview and Level Annotations

Branches:
Dungeon (8/15)             Temple (0/1) D:7
   Lair: D:8-11

Altars:
Fedhas
Okawaru
Wu Jian
Xom
The Shining One

Annotations:
D:8 Joseph


Innate Abilities, Weirdness & Mutations

You reflexively headbutt those who attack you in melee.
You have a pair of horns on your head.


Message History

* * * LOW HITPOINT WARNING * * *
You hit Joseph.
Joseph is lightly wounded.
Joseph closely misses you. You furiously retaliate!
You headbutt Joseph. You hit Joseph but do no damage. You headbutt Joseph.
Joseph is moderately wounded.
Joseph hits you but does no damage.
A sky beast comes into view.
You hit Joseph.
Joseph is moderately wounded.
Joseph hits you with an uncursed quarterstaff.
* * * LOW HITPOINT WARNING * * *
You closely miss Joseph. Your headbutt misses Joseph.
Joseph is moderately wounded.
The sky beast flickers out of sight for a moment.
Joseph hits you but does no damage.
You hit Joseph but do no damage.
Joseph is moderately wounded.
Joseph hits you with an uncursed quarterstaff.
You die...

... #.....### ##
#####...##
###..##
########..#
.#....(..#)#
.........#...
.......(.#####
.#.......#####.##
#.......@.......
#........@..####
........>.####
##........#
####Y....[
.........
.##.......
#.......


You could see Joseph and a sky beast (invisible).

Vanquished Creatures
  Prince Ribbit (D:6)
  Grinder (D:5)
  Edmund (D:6)
  Duvessa (D:7)
  A water moccasin (D:6)
  An ice beast (D:8)
  A phantom (D:4)
  3 ogres
  A centaur (D:7)
  A bullfrog (Sewer)
  Dowan (D:7)
  4 scorpions
  A howler monkey (D:6)
  2 bullfrog zombies (D:8)
  4 crimson imps
  A hound (D:7)
  A centaur skeleton (D:5)
  3 orc wizards
  A gnoll shaman (D:6)
  2 iguanas
  3 worker ants
  The ghost of tidbits the Grave Robber, a weakling GnNe (D:3)
  A hound zombie (D:8)
  A worker ant zombie (D:5)
  A howler monkey skeleton (D:5)
  11 adders
  15 gnolls
  2 river rats (D:3)
  2 shadow imps (D:6)
  An adder zombie (D:4)
  An adder skeleton (D:4)
  6 worms
  3 dart slugs
  10 leopard geckos
  10 orcs
  6 bats
  12 giant cockroaches
  6 goblins
  8 hobgoblins
  5 jackals
  2 quokkas
  5 ball pythons
  20 frilled lizards
  7 kobolds
  A leopard gecko skeleton (D:7)
  5 rats
177 creatures vanquished.

Notes
Turn   | Place    | Note
-------+----------+-------------------------------------------
     0 | D:1      | nicolaieve the Minotaur Berserker began the quest for the Orb.
     0 | D:1      | Reached XP level 1. HP: 19/19 MP: 0/0
    75 | D:1      | Reached skill level 4 in Axes
   193 | D:1      | Reached XP level 2. HP: 22/26 MP: 1/1
   480 | D:1      | Reached skill level 5 in Axes
   526 | D:1      | Reached ** piety under Trog
   526 | D:1      | Reached XP level 3. HP: 29/31 MP: 2/2
   842 | D:2      | Reached skill level 6 in Axes
   842 | D:2      | Reached XP level 4. HP: 19/39 MP: 3/3
  1342 | D:3      | Reached XP level 5. HP: 37/45 MP: 4/4
  1356 | D:3      | Found a glowing drain.
  1374 | D:3      | Reached skill level 7 in Axes
  1433 | D:3      | Reached *** piety under Trog
  1447 | D:3      | Found a blossoming altar of Fedhas.
  1651 | D:3      | Noticed tidbits's ghost (weakling GnNe)
  1666 | D:3      | Killed tidbits's ghost
  1779 | D:3      | Found an ornate altar of the Wu Jian Council.
  1870 | D:4      | Reached skill level 8 in Axes
  1886 | D:4      | Found a glowing drain.
  1901 | Sewer    | Entered a sewer
  2045 | Sewer    | Reached XP level 6. HP: 7/51 MP: 5/5
  2210 | Sewer    | Identified the Papyrus of Freezing Boosts
  2600 | D:4      | Reached skill level 9 in Axes
  2642 | D:4      | Found a glowing golden altar of the Shining One.
  2716 | D:4      | Reached XP level 7. HP: 28/57 MP: 6/6
  2861 | D:4      | Reached skill level 10 in Axes
  3007 | D:5      | Entered Level 5 of the Dungeon
  3072 | D:5      | Reached **** piety under Trog
  3252 | D:5      | Noticed Grinder
  3264 | D:5      | Killed Grinder
  3281 | D:5      | Reached XP level 8. HP: 17/66 MP: 7/7
  3768 | D:5      | Reached skill level 11 in Axes
  3885 | D:5      | Found a shimmering altar of Xom.
  3899 | D:5      | Found an iron altar of Okawaru.
  4009 | D:6      | Reached skill level 5 in Armour
  4022 | D:6      | Noticed Edmund
  4041 | D:6      | Killed Edmund
  4209 | D:6      | Got a vibrating bronze ring
  4226 | D:6      | Identified the ring of Siumaxis {Wiz Dex+7} (You found it on level 6 of the Dungeon)
  4377 | D:6      | Noticed Prince Ribbit
  4426 | D:6      | Killed Prince Ribbit
  4426 | D:6      | Reached ***** piety under Trog
  4426 | D:6      | Reached skill level 12 in Axes
  4985 | D:7      | Reached XP level 9. HP: 54/72 MP: 8/8
  5014 | D:7      | Got a smoking ring mail
  5025 | D:7      | Identified the +5 ring mail "Hiweinu" {Str-2 Dex+6} (You found it on level 7 of the Dungeon)
  5171 | D:7      | Found a staircase to the Ecumenical Temple.
  5172 | D:7      | Noticed Duvessa
  5175 | D:7      | Noticed Dowan
  5187 | D:7      | Killed Duvessa
  5194 | D:7      | Killed Dowan
  5464 | D:8      | Noticed Joseph
  5477 | D:8      | Slain by Joseph

Skill      XL: |  1  2  3  4  5  6  7  8  9 |
---------------+----------------------------+-----
Axes           | 4 5 6 8 9 10 12 | 12.6
Armour         | 4 7 8 |  8.1
Fighting       | 4 |  4.9
Dodging        | |  2.2

Action                   |  1- 3 |  4- 6 |  7- 9 || total
-------------------------+-------+-------+-------++-------
Melee: Hand axe          |    51 |   171 |   285 ||   507
       Headbutt          |     9 |    29 |    60 ||    98
Invok: Burn Spellbooks   |       |     2 |       ||     2
       Trog's Hand       |       |     1 |     1 ||     2
       Berserk           |       |       |     6 ||     6
  Use: Scroll            |       |     1 |     6 ||     7
 Stab: Sleeping          |       |     5 |     1 ||     6
  Eat: Chunk             |       |     7 |    11 ||    18
       Ration            |       |       |     1 ||     1
Armor: Animal skin       |     4 |       |       ||     4
       Leather armour    |     2 |    32 |     3 ||    37
       Plate armour      |       |       |   143 ||   143
Dodge: Dodged            |    35 |   114 |    93 ||   242
